 Dungeon Crawl Stone Soup version 0.28-a0-1074-g3cb2360906 (webtiles) character file.

Game seed: 14462918694147055430

30 Lekart the Skirmisher (level 3, -5/33 HPs)
             Began as a Draconian Chaos Knight on Dec 9, 2021.
             Was a Plaything of Xom.
             Slain by a worm (11 damage)
             ... on level 2 of the Dungeon.
             The game lasted 00:01:35 (1413 turns).

Lekart the Skirmisher (Draconian Chaos Knight)      Turns: 1413, Time: 00:01:36

Health: -5/33      AC:  5    Str: 14    XL:     3   Next: 3%
Magic:  3/3        EV: 12    Int: 12    God:    Xom [..*...]
Gold:   79         SH:  0    Dex: 12    Spells: 2/2 levels left

rFire   . . .      SeeInvis .   a - +0 hand axe (chaos)
rCold   . . .      Faith    .   (no shield)
rNeg    . . .      Spirit   .   (armour unavailable)
rPois   .          Reflect  .   (helmet restricted)
rElec   .          Harm     .   (no cloak)
rCorr   .          Rampage  .   (no gloves)
Will    .....                   (no boots)
Stlth   +.........              (no amulet)
HPRegen 0.11/turn               (no ring)
MPRegen 0.08/turn               (no ring)

@: no status effects
A: AC +5, unfitting armour, cold-blooded
a: Renounce Religion


You were on level 2 of the Dungeon.
You worshipped Xom.
You were a toy of Xom.
You visited 1 branch of the dungeon, and saw 2 of its levels.

You collected 79 gold pieces.

Inventory:

Hand Weapons
 a - a +0 hand axe of chaos (weapon)
Missiles
 c - a datura-tipped dart (quivered)
Scrolls
 b - a scroll of enchant weapon {unknown}
 d - a scroll of identify {unknown}
 f - a scroll of teleportation {unknown}
Potions
 e - a potion of attraction {unknown}
 g - a potion of mutation {unknown}


   Skills:
 * Level 4.1 Fighting
 + Level 3.3 Axes
 + Level 2.3 Dodging


You had 2 spell levels left.
You didn't know any spells.
Your spell library was empty.

Dungeon Overview and Level Annotations

Branches:
Dungeon (2/15)

Altars:


Innate Abilities, Weirdness & Mutations

Your plain brown scales are hard. (AC +5)
You cannot fit into any form of body armour.
You are cold-blooded and may be slowed by cold attacks.


Message History

You see here 9 gold pieces.
An adder is nearby!
A worm comes into view.
You see here 9 gold pieces.
Throw: 2 darts (datura)
Press: ? - help, Q - select action Shift-Dir - straight line, f - worm
Aim: a worm (78% to hit, chance to frenzy on hit: 51%)
You throw a datura-tipped dart. The datura-tipped dart hits the worm.
The worm flies into a frenzy!
There is a stone staircase leading up here.
There is a stone staircase leading up here.
The worm refuses to make way for you. (Use ctrl+direction or * direction to attack.)
The worm refuses to make way for you. (Use ctrl+direction or * direction to attack.)
The worm refuses to make way for you. (Use ctrl+direction or * direction to attack.)
You hit the worm. You burn the worm.
The worm is moderately wounded.
The worm closely misses you.
You barely miss the worm.
The worm is moderately wounded.
The worm bites you but does no damage.
You barely miss the worm.
The worm is moderately wounded.
The worm bites you!
You hit the worm but do no damage.
The worm is lightly wounded.
The worm bites you.
You hit the worm.
The worm is poisoned.
The worm is heavily wounded.
The worm closely misses you.
You hit the worm but do no damage.
The worm is moderately wounded.
The worm bites you!
* * * LOW HITPOINT WARNING * * *
You hit the worm.
The worm flickers and vanishes!
Deactivating autopickup; reactivate with Ctrl-A.
You tail-slap something. Something bites you but does no damage.
You hit something. You freeze something.
Something bites you but does no damage.
You closely miss something. Something bites you!
You die...

... #.....#.#
#.....#S# #....
#.# # #.... #.#.#
# #.#.# #.#.#.# #
#.#.# #.....#
#..###.#.###...#
#.....@{...$(..#
.....#####.####..#
... ..... ..... .
...#.#.# ....#.
.......#.# ....#
.... ..# # ....#
>......# ....# ...
#.##


There were no monsters in sight!

Vanquished Creatures
  2 dart slugs (D:1)
  2 endoplasms (D:1)
  2 goblins (D:1)
  3 hobgoblins (D:1)
  A jackal (D:1)
  3 quokkas (D:1)
  2 ball pythons (D:1)
  3 kobolds (D:1)
  2 rats (D:1)
20 creatures vanquished.

Vanquished Creatures (collateral kills)
  2 goblins (D:1)
  A jackal (D:1)
3 creatures vanquished.

Vanquished Creatures (others)
  A jackal (D:1)
  A frilled lizard (D:1)
2 creatures vanquished.

Grand Total: 25 creatures vanquished

Notes
Turn   | Place    | Note
-------+----------+-------------------------------------------
     0 | D:1      | Lekart the Draconian Chaos Knight began the quest for the
                  | Orb.
     0 | D:1      | Reached XP level 1. HP: 19/19 MP: 1/1
    97 | D:1      | XOM: silly message
   234 | D:1      | XOM: butterfly on damage
   280 | D:1      | XOM: god gift: 30 sling bullets
   422 | D:1      | Found a faded altar of an unknown god.
   506 | D:1      | Reached XP level 2. HP: 27/27 MP: 2/2
   599 | D:1      | XOM: silly message
   996 | D:1      | Reached skill level 4 in Fighting
  1207 | D:1      | XOM: noise
  1211 | D:1      | Reached XP level 3. HP: 33/33 MP: 3/3
  1413 | D:2      | Slain by a worm

Illustrated notes

Levels and vault maps discovered:
D:1:      dpeg_arrival_pits, layout_basic, ebering_ecumenical_altar_mist,
          hangedman_decor_opposing, grunt_decor_fettered, st_stairs_9
D:2:      layout_basic

Skill      XL: |  1  2 |
---------------+-------+-----
Fighting       | 4 |  4.1
Axes           | |  3.3
Dodging        | |  2.3

Action                   || total
-------------------------++-------
Melee: Hand axe          ||    48
       Tailslap          ||     5
Throw: Dart              ||     7
Armor: Skin              ||    15
Dodge: Dodged            ||    20

Table legend: (Time is in decaauts)
 A = Elapsed time spent in this place.
 B = Non-inter-level travel time spent in this place.
 C = Inter-level travel time spent in this place.
 D = Time resting spent in this place.
 E = Time spent auto-exploring this place.
 F = Levels seen in this place.
 G = Mean time per level.
                   A        B        C        D        E       F      G
               +--------+--------+--------+--------+--------+-----+--------+
         Total |   1422 |   1384 |     38 |      0 |   1211 |   2 |  711.0 |
       Dungeon |   1422 |   1384 |     38 |      0 |   1211 |   2 |  711.0 |
               +--------+--------+--------+--------+--------+-----+--------+

Top non-repeatable levels by time:
     D:1: 1396 daAuts
     D:2: 25 daAuts
